 Dungeon Sprint DCSS version 0.31-a0-496-g6f97920a28 (webtiles) character file.

Game seed: 12404628378493964951

909 Midn8 the Grappler (level 7, -8/81 HPs)
             Began as a Troll Gladiator on Aug 8, 2023.
             Was a Priest of Uskayaw.
             Mangled by a tentacle (14 damage)
             ... attached to a kraken
             ... in the Dungeon (Sprint II: "The Violet Keep of Menkaure").
             The game lasted 00:02:09 (367 turns).

Midn8 the Grappler (Troll Gladiator)                 Turns: 367, Time: 00:02:09

Health: -8/81      AC:  7    Str: 23    XL:     7   Next: 81%
Magic:  8/8        EV: 10    Int:  4    God:    Uskayaw [***...]
Gold:   668        SH:  0    Dex: 13    Spells: 6/6 levels left

rFire   . .          .
                       - Unarmed
rCold   . . .        (no shield)
rNeg    . . .        a - +0 robe
rPois   .            b - +0 hat
rElec   .            t - +2 cloak
rCorr   +            (gloves unavailable)
SInv    .            (boots unavailable)
Will    .....        (no amulet)
Stlth   +            y - ring of resist corrosion
HPRegen 1.13/turn    (no ring)
MPRegen 0.11/turn

%: no teleportation
@: no status effects
A: large, unfitting armour, claws 3, regeneration 1, shaggy fur 1, tough skin 1
a: Renounce Religion, Stomp, Line Pass


You were in the Dungeon.
You worshipped Uskayaw.
Uskayaw was noncommittal.
You visited 1 branch You collected 668 gold pieces.

Inventory:

Missiles
 c - 2 throwing nets (quivered)
 d - a large rock
 v - 6 poisoned darts
Armour
 a - a +0 robe (worn)
 b - a +0 hat (worn)
 t - a +2 cloak (worn)
Jewellery
 y - a ring of resist corrosion (left claw)
Scrolls
 j - a scroll of blinking
 m - a scroll of immolation
 n - a scroll of vulnerability
 p - 2 scrolls of poison
 q - a scroll of fear {unknown}
 r - 2 scrolls of fog {unknown}
 u - a scroll of enchant armour {unknown}
Potions
 e - a potion of curing
 f - 2 potions of heal wounds
 g - a potion of haste
 h - 5 potions of magic
 i - a potion of berserk rage
 k - 3 potions of resistance
 l - a potion of attraction {unknown}
 o - 4 potions of enlightenment
 w - a potion of might {unknown}
 x - a potion of brilliance {unknown}


   Skills:
 + Level 8.4 Fighting
 - Level 1.7 Throwing
 - Level 2.4 Dodging
 * Level 13.8 Unarmed Combat
 + Level 3.1 Invocations


You had 6 spell levels left.
You didn't know any spells.
Your spell library contained the following spells:

 Spells                   Type           Power      Damage    Failure   Level
 Blink                    Tloc           0%         N/A       65%         2
 Lesser Beckoning         Tloc           0%         N/A       65%         2
 Momentum Strike          Conj/Tloc      0%         3d8       65%         2
 Summon Forest            Summ/Tloc      0%         N/A       100%        5
 Eringya's Noxious Bog    Tmut/Pois      0%         4d6       100%        6
 Summon Hydra             Summ           0%         N/A       100%        7


Dungeon Overview and Level Annotations

Branches:
Dungeon (1/1)

Altars:
Cheibriados
Dithmenos
Elyvilon
Fedhas
Gozag
Hepliaklqana
Kikubaaqudgha
Makhleb
Nemelex Xobeh
Okawaru
Qazlal
Ru
Sif Muna
Trog
Uskayaw
Vehumet
Wu Jian
Xom
Yredelemnul
Zin
The Shining One
Jiyva
Lugonu


Innate Abilities, Weirdness & Mutations

You are too large for most types of armour.
You have claws for hands.
Your natural rate of healing is unusually fast.
You are covered in fur. (AC +1)
You have tough skin. (AC +1)


Message History

You mangle the tentacle!!
The tentacle is severely wounded.
The tentacle slaps you but does no damage.
You claw the tentacle!
The tentacle is almost dead.
The tentacle slaps you!
You scratch the tentacle but do no damage.
The tentacle is almost dead.
The tentacle slaps you. The tentacle slaps you!
You closely miss the tentacle.
The tentacle is almost dead.
The tentacle barely misses you.
You mangle the tentacle!!
You kill the tentacle!
Uskayaw will force your foes to helplessly watch your dance.
Uskayaw prepares the audience for your solo!
The helpless tentacle fails to defend itself.
You claw the tentacle!
The tentacle is moderately wounded.
The tentacle segment is no longer paralysed.
The kraken is no longer paralysed.
The tentacle is no longer paralysed.
The tentacle slaps you but does no damage.
Tentacles burst out of the water!
The tentacle slaps you!
You completely miss the tentacle.
The tentacle is moderately wounded.
The tentacle is no longer paralysed.
The tentacle closely misses you.
You mangle the tentacle!!
The tentacle is almost dead.
The tentacle slaps you!!
* * * LOW HITPOINT WARNING * * *
You claw the tentacle!
You kill the tentacle!
You scratch the tentacle.
The tentacle is lightly wounded.
The tentacle barely misses you. The tentacle slaps you!
* * * LOW HITPOINT WARNING * * *
You mangle the tentacle!!
The tentacle is moderately wounded.
The tentacle slaps you!
You die...

#):▓.[[[)...▓▓
+.####}"▓.).[....▓▓
...####▓...[(...▓▓ #..#
#▓[...[..[▓▓ +..#
#▓..).([.[▓▓ #^.#
#▓(.)..(()▓▓
###..####▓...[..([▓▓
.###...##▓▓▓▓▓▓▓+▓▓▓▓+▓
...~~~~~~~~~~§~~@wwX≈≈▓
.§.~#'########§###V≈w≈▓
§§.~#_._.....#~~~##≈≈≈▓
~~.~#._._....#~§≈§####▓
~~~~#_._._...#~~§~≈#
≈~~~#._._._..#~~§≈§≈#
≈≈§~#_._._._.#§~~§~≈+
##≈§#._._._._#~~~§≈§#
#≈§#.._._._.#~


You could see a kraken and 3 tentacles.

Vanquished Creatures
  A merfolk siren (D)
  Menkaure (D)
  4 water moccasins (D)
  4 necrophages (D)
  4 tentacles (D)
14 creatures vanquished.

Vanquished Creatures (others)
  8 tentacles (D)
8 creatures vanquished.

Grand Total: 22 creatures vanquished

Notes
Turn   | Place    | Note
-------+----------+-------------------------------------------
     0 | D        | Midn8 the Troll Gladiator began the quest for the Orb.
     0 | D        | Reached XP level 1. HP: 19/19 MP: 0/0
     1 | D        | Noticed a necrophage
     1 | D        | Noticed a necrophage
     1 | D        | Noticed a necrophage
     1 | D        | Noticed a necrophage
    10 | D        | Killed a necrophage
    11 | D        | Reached skill level 6 in Unarmed Combat
    11 | D        | Reached XP level 2. HP: 32/32 MP: 1/1
    11 | D        | Reached XP level 3. HP: 39/39 MP: 2/2
    13 | D        | Killed a necrophage
    14 | D        | Reached skill level 8 in Unarmed Combat
    14 | D        | Reached XP level 4. HP: 40/49 MP: 3/3
    18 | D        | Killed a necrophage
    19 | D        | Reached skill level 5 in Fighting
    19 | D        | Reached skill level 9 in Unarmed Combat
    19 | D        | Reached XP level 5. HP: 44/57 MP: 4/4
    26 | D        | Reached skill level 10 in Unarmed Combat
    40 | D        | Noticed Menkaure
    48 | D        | Killed Menkaure
    49 | D        | Reached XP level 6. HP: 36/68 MP: 5/5
    60 | D        | Noticed a water moccasin
    61 | D        | Noticed a merfolk siren
    65 | D        | Killed a water moccasin
    66 | D        | Reached skill level 11 in Unarmed Combat
    70 | D        | Killed a merfolk siren
    71 | D        | Reached skill level 12 in Unarmed Combat
    71 | D        | Reached XP level 7. HP: 46/79 MP: 6/6
   106 | D        | Found an iron altar of Okawaru.
   106 | D        | Found a radiant altar of Vehumet.
   106 | D        | Found a glowing silver altar of Zin.
   107 | D        | Found a sparkling altar of Nemelex Xobeh.
   107 | D        | Found a hide-covered altar of Uskayaw.
   107 | D        | Found a basalt altar of Yredelemnul.
   108 | D        | Found an opulent altar of Gozag.
   108 | D        | Found a burning altar of Makhleb.
   108 | D        | Found a bloodstained altar of Trog.
   109 | D        | Found a blossoming altar of Fedhas.
   109 | D        | Found a corrupted altar of Lugonu.
   109 | D        | Found a shimmering blue altar of Sif Muna.
   110 | D        | Found a white marble altar of Elyvilon.
   110 | D        | Found an ancient bone altar of Kikubaaqudgha.
   111 | D        | Found a shadowy altar of Dithmenos.
   111 | D        | Found a viscous altar of Jiyva.
   111 | D        | Found a shimmering altar of Xom.
   111 | D        | Found a sacrificial altar of Ru.
   112 | D        | Found a snail-covered altar of Cheibriados.
   114 | D        | Found a hazy altar of Hepliaklqana.
   115 | D        | Found a glowing golden altar of the Shining One.
   115 | D        | Found an ornate altar of the Wu Jian Council.
   115 | D        | Found a stormy altar of Qazlal.
   120 | D        | Became a worshipper of Uskayaw the Reveller
   133 | D        | Noticed a kraken
   137 | D        | Reached * piety under Uskayaw
   139 | D        | Reached skill level 13 in Unarmed Combat
   139 | D        | Reached skill level 1 in Invocations
   139 | D        | Reached ** piety under Uskayaw
   361 | D        | Reached *** piety under Uskayaw
   367 | D        | Mangled by a tentacle

Illustrated notes

Levels and vault maps discovered:
D:        the_violet_keep_of_menkaure [sprint2_stairs_cluster_1,
          sprint2_shoproom, sprint2_temple, sprint2_basic_supplies,
          sprint2_obstacle_2, sprint2_obstacle_6, sprint2_obstacle_7,
          sprint2_obstacle_5, sprint2_obstacle_4, sprint2_timed_cluster_1,
          sprint2_smallroom_cluster_1, sprint2_smallroom_final_cluster_1,
          sprint2_transparent_cluster_1, sprint2_second_timed_cluster_1,
          sprint2_sniper_area_1, sprint2_heavy_combat_area_1,
          sprint2_mutation_trap_area_1, sprint2_forest_area_1,
          sprint2_light_combat_area_1, sprint2_behind_water_1,
          sprint2_near_end_vault_1]

Skill      XL: |  1  2  3  4  5  6  7 |
---------------+----------------------+-----
Fighting       | 3 4 5 6 7 8 |  8.4
Unarmed Combat | 6 8 9 10 12 13 | 13.8
Invocations    | 3 |  3.1
Throwing       | |  1.7
Dodging        | |  2.4

Action                     |  1- 3 |  4- 6 |  7- 9 || total
---------------------------+-------+-------+-------++-------
  Melee: Unarmed           |     8 |    22 |    26 ||    56
         Punch             |       |     1 |     2 ||     3
  Throw: Throwing net      |     3 |       |       ||     3
    Use: Scroll            |       |       |     5 ||     5
   Stab: Paralysed         |       |       |     1 ||     1
 Armour: Robe              |       |     7 |     4 ||    11
  Dodge: Dodged            |     1 |     2 |     9 ||    12

Table legend: (Time is in decaauts)
 A = Elapsed time spent in this place.
 B = Non-inter-level travel time spent in this place.
 C = Inter-level travel time spent in this place.
 D = Time resting spent in this place.
 E = Time spent auto-exploring this place.
 F = Levels seen in this place.
 G = Mean time per level.
                   A        B        C        D        E       F      G
               +--------+--------+--------+--------+--------+-----+--------+
         Total |    355 |    355 |      0 |    116 |      0 |   1 |  355.0 |
       Dungeon |    355 |    355 |      0 |    116 |      0 |   1 |  355.0 |
               +--------+--------+--------+--------+--------+-----+--------+

Top non-repeatable levels by time:
       D: 355 daAuts
